 Dungeon Crawl Stone Soup version 0.30-a0-7-g94fe547ab8 (webtiles) character file.

Game seed: 4019518861706616805

7553 Kene the Covert (level 10, -4/47 HPs)
             Began as a Spriggan Enchanter on Aug 23, 2022.
             Slain by a death yak (23 damage)
             ... on level 10 of the Dungeon.
             The game lasted 00:27:04 (10077 turns).

Kene the Covert (Spriggan Enchanter)               Turns: 10077, Time: 00:27:04

Health: -4/47      AC:  4    Str: 14    XL:     10   Next: 96%
Magic:  15/25      EV: 18    Int: 18    God:
Gold:   396        SH: 10    Dex: 15    Spells: 18/29 levels left

rFire   . . .      SeeInvis +    q - +3 dagger (venom)
rCold   . . .      Faith    .    B - +3 warlock's mirror {reflect}
rNeg    . . .      Spirit   .    t - +1 robe {Archmagi}
rPois   .          Reflect  +    (helmet restricted)
rElec   .          Harm     .    o - +0 cloak
rCorr   .          Rampage  .    (gloves unavailable)
Will    +....      Archmagi +    (boots unavailable)
Stlth   +++++.....               p - amulet of regeneration
HPRegen 0.95/turn                G - +6 ring of strength
MPRegen 0.19/turn                F - +4 ring of slaying

@: mighty, very quick
A: very small, no large weapons, unfitting armour, see invisible, speed 3
a: no special abilities


You were on level 10 of the Dungeon.
You visited 1 branch of the dungeon, and saw 10 of its levels.
You also visited: Sewer.

You collected 584 gold pieces.
You spent 188 gold pieces at shops.

Inventory:

Hand Weapons
 a - a +1 dagger
 b - the +8 long sword "Kocimn" {freeze, Dex+6}
   (You found it on level 5 of the Dungeon)

   It freezes those it strikes, dealing additional cold damage.
   It can also slow down cold-blooded creatures.
   Dex:       It affects your dexterity (+6).
 q - a +3 dagger of venom (weapon)
 s - a +1 vampiric dagger
 x - a +2 dagger of freezing
Missiles
 r - 2 throwing nets (quivered)
Armour
 o - a +0 cloak (worn)
 t - a +1 robe of the Archmagi (worn)
 B - the +3 warlock's mirror (worn) {reflect}
   (You acquired it on level 9 of the Dungeon)

   It can block and reflect piercing ranged attacks and magical attacks against
   the wielder's willpower.
Jewellery
 e - a ring of positive energy
 j - an amulet of reflection
 p - an amulet of regeneration (around neck)
 v - a ring of willpower
 y - a ring of magical power
 F - a +4 ring of slaying (right hand)
 G - a +6 ring of strength (left hand)
Wands
 n - a wand of digging (7)
 D - a wand of mindburst (4)
Scrolls
 f - 3 scrolls of identify
 h - 2 scrolls of amnesia
 k - 5 scrolls of blinking
 A - a scroll of fear
 C - a scroll of butterflies
 E - a scroll of teleportation
 I - a scroll of magic mapping
Potions
 c - 2 potions of invisibility
 d - 2 potions of might
 g - 3 potions of lignification
 i - 2 potions of heal wounds
 l - 3 potions of magic
 m - 5 potions of curing
 u - 2 potions of flight
 w - 3 potions of cancellation
 z - a potion of ambrosia
 H - a potion of haste


   Skills:
 - Level 2.7 Fighting
 - Level 4.0 Short Blades
 - Level 5.6 Dodging
 - Level 11.9 Stealth
 + Level 6.1 Shields
 - Level 10.0 Spellcasting
 - Level 10.3 Hexes


You had 18 spell levels left.
You knew the following spells:

 Your Spells              Type           Power      Damage    Failure   Level
a - Ensorcelled Hibernat  Hex/Ice        82%        N/A       2%          2
b - Tukima's Dance        Hex            62%        N/A       1%          3
c - Dazzling Flash        Conj/Hex       82%        N/A       5%          3
d - Confusing Touch       Hex            62%        N/A       1%          3

Your spell library contained the following spells:

 Spells                   Type           Power      Damage    Failure   Level
 Slow                     Hex            100%       N/A       1%          1
 Summon Guardian Golem    Hex/Summ       41%        N/A       5%          3
 Freeze                   Ice            52%        1d7       14%         1
 Magic Dart               Conj           52%        1d5       14%         1
 Anguish                  Hex/Necr       20%        N/A       17%         4
 Fulminant Prism          Conj/Hex       20%        3d13      17%         4
 Poisonous Vapours        Pois/Air       26%        N/A       22%         2
 Searing Ray              Conj           26%        2d5       22%         2
 Frozen Ramparts          Ice            26%        1d4       41%         3
 Ignite Poison            Fire/Tmut/Pois 13%        N/A       41%         3
 Mephitic Cloud           Conj/Pois/Air  13%        N/A       41%         3
 Stone Arrow              Conj/Erth      26%        3d8       41%         3
 Vampiric Draining        Necr           13%        2d6       41%         3
 Animate Armour           Summ/Erth      26%        N/A       82%         4
 Corpse Rot               Necr/Pois/Air  13%        N/A       82%         4
 Hailstorm                Conj/Ice       13%        3d5       82%         4
 Enfeeble                 Hex            31%        N/A       87%         7
 Freezing Cloud           Conj/Ice/Air   6%         6-21      99%         5
 Orb of Destruction       Conj           6%         9d6       100%        7
 Spellforged Servitor     Conj/Summ      6%         N/A       100%        7
 Lehudib's Crystal Spear  Conj/Erth      6%         10d3      100%        8


Dungeon Overview and Level Annotations

Branches:
Dungeon (10/15)            Temple (0/1) D:5            Lair (0/5) D:10
  Sewer (visited)
    Orc: D:9-12

Altars:
Ashenzari
Fedhas
Gozag
Kikubaaqudgha
Nemelex Xobeh
Okawaru
Qazlal
Trog
Uskayaw
Wu Jian
Xom
Zin

Shops:
D:3 *   D:5 (**[=   D:10 :


Innate Abilities, Weirdness & Mutations

You are very small and have problems with some larger weapons.
You are too small for most types of armour.
You have supernaturally acute eyesight. (SInv)
You cover ground extremely quickly. (Speed+++)


Message History

The death yak is heavily wounded.
The death yak is no longer blind.
You catch the helpless death yak completely off-guard!
You perforate the death yak like a sieve!!!
You kill the death yak!
You kill the yak!
Your Shields skill increases to level 6!
Casting: Dazzling Flash (dangerous; 5% risk of failure)
Confirm with . or Enter, or press ? or * to list all spells.
Casting: Dazzling Flash (dangerous; 5% risk of failure)
Press: ? - help, Dir - look around, f - activate You feel a surge of power!
The death yak gores you!!
* * * LOW HITPOINT WARNING * * *
Unknown command.
Casting: Dazzling Flash (dangerous; 5% risk of failure)
Confirm with . or Enter, or press ? or * to list all spells.
Casting: Dazzling Flash (dangerous; 5% risk of failure)
Press: ? - help, Dir - look around, f - activate You feel a surge of power!
The death yak is dazzled.
The death yak misses you.
You puncture the death yak!
The death yak is poisoned.
The death yak is lightly wounded.
The death yak misses you.
You hit the death yak.
The death yak is lightly wounded.
You puncture the death yak!
The death yak looks as sick as possible!
The death yak is moderately wounded.
You barely miss the death yak.
The death yak is moderately wounded.
The death yak completely misses you.
You hit the death yak but do no damage.
The death yak is moderately wounded.
The death yak bellows!
The death yak misses you.
You hit the death yak but do no damage.
The death yak looks as sick as possible!
The death yak is moderately wounded.
You completely miss the death yak.
The death yak is moderately wounded.
The death yak is no longer blind.
The death yak gores you!!
You die...

...# #. ##.###...#....... .#.#
#.#####..# ............ .#.#
#.#.....## #...........
##.########.#.##.## ##..........
...........#..##.# ######.#.#
####### #...###.# #....
###...###Y# ####Y #.......#Y# #.
########.......#@# #.
..............#..# #.
########.#...###.###############.
##.##..## ##...>............ #.#
#.## ##.#############. ##.###.##
##.## #. #.#.#.###.### ####.
#####......#....# #....
#......####.###.# #.##.


You could see 2 death yaks.

Vanquished Creatures
  3 death yaks (D:10)
  An ugly thing (D:9)
  A troll (D:10)
  A wyvern (D:8)
  6 yaks
  6 orc warriors
  A water moccasin (D:8)
  An ogre (D:8)
  3 black bears
  3 ice beasts
  A centaur (D:9)
  A phantom (D:6)
  A kobold brigand (D:8)
  6 bullfrogs
  6 scorpions
  4 wights
  A killer bee (D:10)
  3 howler monkeys
  A lava snake (D:10)
  4 jellies
  3 orc priests
  A gnoll bouda (D:8)
  4 hounds
  3 iguanas
  3 orc wizards
  11 gnolls
  A river rat (D:6)
  13 adders
  2 white imps
  2 worms (D:3)
  30 orcs
  18 endoplasms
  12 giant cockroaches
  9 hobgoblins
  10 quokkas
  16 ball pythons
  5 bats
  18 frilled lizards
  9 goblins
  7 kobolds
  5 rats
  A spectral goblin (D:1)
237 creatures vanquished.

Vanquished Creatures (collateral kills)
  A gnoll sergeant (D:8)
  8 wights
  An orc priest (D:9)
  A gnoll bouda (D:7)
  Crazy Yiuf (D:3)
  4 gnolls
  8 orcs
24 creatures vanquished.

Vanquished Creatures (others)
  A yak (D:5)
  8 dancing weapons
  An orc (D:5)
10 creatures vanquished.

Grand Total: 271 creatures vanquished

Notes
Turn   | Place    | Note
-------+----------+-------------------------------------------
     0 | D:1      | Kene the Spriggan Enchanter began the quest for the Orb.
     0 | D:1      | Reached XP level 1. HP: 9/9 MP: 5/5
   430 | D:1      | Reached XP level 2. HP: 10/13 MP: 7/7
   446 | D:1      | Learned a level 2 spell: Ensorcelled Hibernation
   461 | D:1      | Found a faded altar of an unknown god.
   843 | D:1      | Reached XP level 3. HP: 14/16 MP: 9/9
   847 | D:1      | Learned a level 3 spell: Tukima's Dance
   851 | D:1      | Learned a level 3 spell: Confusing Touch
  1963 | D:2      | Reached XP level 4. HP: 21/21 MP: 11/11
  1994 | D:2      | Found an iron altar of Okawaru.
  2305 | D:2      | Learned a level 3 spell: Dazzling Flash
  2329 | D:3      | Reached skill level 5 in Hexes
  2434 | D:3      | Found an opulent altar of Gozag.
  2653 | D:3      | Found a runed translucent door.
  2654 | D:3      | Noticed Crazy Yiuf
  2666 | D:3      | Killed Crazy Yiuf
  2910 | D:3      | Found Repopeazimn's Assorted Antiques.
  2972 | D:4      | Noticed a scorpion
  2976 | D:4      | Killed a scorpion
  2977 | D:4      | Reached skill level 5 in Spellcasting
  2977 | D:4      | Reached XP level 5. HP: 24/24 MP: 11/13
  3107 | D:4      | Found a bloodstained altar of Trog.
  3107 | D:4      | Noticed a black bear
  3107 | D:4      | Noticed a black bear
  3157 | D:3      | Killed a black bear
  3158 | D:3      | Reached skill level 5 in Stealth
  3158 | D:3      | Reached XP level 6. HP: 15/28 MP: 8/15
  3503 | D:4      | Reached skill level 6 in Stealth
  4201 | D:5      | Entered Level 5 of the Dungeon
  4350 | D:5      | Reached XP level 7. HP: 32/32 MP: 12/17
  4421 | D:5      | Found a blossoming altar of Fedhas.
  4566 | D:5      | Found a broken altar of Ashenzari.
  4625 | D:5      | Found Allann's Assorted Antiques.
  4626 | D:5      | Found Lij Qin's General Store.
  4638 | D:5      | Bought a scroll labelled JOXASAOTAM for 28 gold pieces
  4638 | D:5      | Bought a murky dark potion for 25 gold pieces
  4686 | D:5      | Bought a potion of curing for 45 gold pieces
  4686 | D:5      | Bought a potion of curing for 45 gold pieces
  4686 | D:5      | Bought a potion of flight for 45 gold pieces
  4722 | D:5      | Found Zapsuiv's Armour Boutique.
  4776 | D:5      | Found Akhohad's Jewellery Shoppe.
  4783 | D:5      | Identified the +8 long sword "Kocimn" {freeze, Dex+6}
  4789 | D:5      | Found Zin's Purification Station.
  4795 | D:5      | Found a glowing silver altar of Zin.
  4937 | D:5      | Found Wet Coukka's Weapon Emporium.
  4979 | D:5      | Noticed a yak
  4979 | D:5      | Noticed a yak
  4979 | D:5      | Noticed a yak
  4980 | D:5      | Found a staircase to the Ecumenical Temple.
  4980 | D:5      | Noticed a yak
  4980 | D:5      | Noticed a yak
  4981 | D:5      | Noticed a yak
  4989 | D:5      | Killed a yak
  4990 | D:5      | Reached skill level 7 in Stealth
  4996 | D:5      | Killed a yak
  5020 | D:5      | Reached skill level 8 in Stealth
  5028 | D:5      | Killed a yak
  5029 | D:5      | Reached XP level 8. HP: 36/36 MP: 10/20
  5037 | D:5      | Reached skill level 9 in Stealth
  5588 | D:6      | Found a glowing drain.
  5621 | Sewer    | Entered a sewer
  5947 | Sewer    | Reached skill level 10 in Stealth
  6195 | D:6      | Reached XP level 9. HP: 39/39 MP: 17/23
  6318 | D:6      | Found an ancient bone altar of Kikubaaqudgha.
  6785 | D:7      | Reached skill level 1 in Fighting
  7042 | D:7      | Reached skill level 11 in Stealth
  7836 | D:8      | Reached skill level 10 in Hexes
  7996 | D:8      | Reached skill level 5 in Dodging
  8123 | D:8      | Found an ornate altar of the Wu Jian Council.
  8157 | D:8      | Found a shimmering altar of Xom.
  8471 | D:8      | Reached XP level 10. HP: 34/39 MP: 24/24
  8647 | D:8      | Reached skill level 10 in Spellcasting
  8998 | D:9      | Identified a scroll of acquirement
  8998 | D:9      | Acquired the +3 warlock's mirror {reflect}
  8998 | D:9      | Found the +3 warlock's mirror {reflect}
  9235 | D:9      | Reached skill level 1 in Shields
  9288 | D:9      | Found a sparkling altar of Nemelex Xobeh.
  9296 | D:9      | Noticed a purple ugly thing
  9318 | D:9      | Killed a purple ugly thing
  9649 | D:10     | Entered Level 10 of the Dungeon
  9654 | D:10     | Found Raiv's Book Emporium.
  9690 | D:10     | Found a hide-covered altar of Uskayaw.
  9690 | D:10     | Found a stormy altar of Qazlal.
  9735 | D:10     | Identified the +1 leather armour of Brilliance {Str+4}
  9890 | D:10     | Noticed a death yak
  9892 | D:10     | Found a staircase to the Lair.
  9894 | D:10     | Noticed a death yak
  9894 | D:10     | Noticed a death yak
  9894 | D:10     | Noticed a death yak
  9934 | D:10     | Killed a death yak
 10023 | D:10     | Noticed a death yak
 10063 | D:10     | Killed a death yak
 10064 | D:10     | Reached skill level 5 in Shields
 10067 | D:10     | Killed a death yak
 10077 | D:10     | Slain by a death yak

Illustrated notes

Levels and vault maps discovered:
D:1:      shiori_arrival_elements, layout_basic,
          dreamdust_ecumenical_altar_drowned_temple, minmay_split_cup_small
D:2:      layout_basic, basic_altar, columned_hall_lemuel
D:3:      layout_basic, grunt_gozag_statues, serial_shops, shop,
          uniq_crazy_yiuf_cottage
D:4:      layout_cave_pods, trog_ov_bears_minmay
D:5:      layout_loops_cross, zin_purify, mainiacjoe_overflow_brackets,
          ashenzari_conservatory_becter, minmay_temple_entry_crystal_x,
          serial_shops, nicolae_square_shop, shop, nicolae_shop_statue_plus,
          shop, kennysheep_little_box
D:6:      layout_basic, mainiacjoe_overflow_alcove_2, portal_sewer_entry_a
D:7:      layout_basic
D:8:      layout_loops_corners, old_standard_altar, xom_teletrap_fun,
          special_room [special_room_orc]
D:9:      layout_roguey, mainiacjoe_overflow_chevrons
D:10:     gammafunk_boulding_lane, layout_loops_ring,
          nicolae_overflow_two_pavilions, dpeg_lair_monsters, david_orc_4,
          serial_shops, nicolae_stop_n_shop_2

Skill      XL: |  1  2  3  4  5  6  7  8  9 10 |
---------------+-------------------------------+-----
Spellcasting   | 3 4 5 6 7 9 10 | 10.0
Hexes          | 4 5 6 8 9 10 | 10.3
Stealth        | 5 6 8 10 11 | 11.9
Dodging        | 5 |  5.6
Short Blades   | 3 4 |  4.0
Fighting       | 2 |  2.7
Shields        | 6 |  6.1

Action                   |  1- 3 |  4- 6 |  7- 9 | 10-12 || total
-------------------------+-------+-------+-------+-------++-------
Melee: Dagger            |   135 |    79 |   406 |   114 ||   734
       Punch             |     1 |     1 |     7 |     1 ||    10
 Cast: Ensorcelled Hiber |     7 |    22 |    47 |     7 ||    83
       Confusing Touch   |       |     2 |     7 |     4 ||    13
       Tukima's Dance    |       |     1 |    28 |     8 ||    37
       Dazzling Flash    |       |       |       |    10 ||    10
Evoke: Wand              |       |       |    12 |     1 ||    13
  Use: Scroll            |     8 |     7 |     7 |     3 ||    25
       Potion            |       |     1 |     1 |     2 ||     4
 Stab: Sleeping          |    19 |    24 |    40 |     7 ||    90
       Confused          |       |     1 |     4 |     3 ||     8
       Distracted        |       |       |     2 |     1 ||     3
       Invisible         |       |       |       |     5 ||     5
Armor: Robe              |    14 |    11 |    56 |    11 ||    92
Dodge: Dodged            |   104 |    67 |   320 |    78 ||   569
Block: Other             |       |     5 |       |       ||     5
       Buckler           |       |       |       |    29 ||    29
       Reflection        |       |       |       |     1 ||     1

Table legend: (Time is in decaauts)
 A = Elapsed time spent in this place.
 B = Non-inter-level travel time spent in this place.
 C = Inter-level travel time spent in this place.
 D = Time resting spent in this place.
 E = Time spent auto-exploring this place.
 F = Levels seen in this place.
 G = Mean time per level.
                   A        B        C        D        E       F      G
               +--------+--------+--------+--------+--------+-----+--------+
         Total |   7504 |   7359 |    145 |    425 |   4940 |  11 |  682.2 |
       Dungeon |   7002 |   6857 |    145 |    413 |   4768 |  10 |  700.2 |
         Sewer |    502 |    502 |      0 |     12 |    172 |   1 |  502.0 |
               +--------+--------+--------+--------+--------+-----+--------+

Top non-repeatable levels by time:
     D:1: 1256 daAuts
     D:5: 881 daAuts
     D:8: 844 daAuts
     D:4: 753 daAuts
     D:6: 624 daAuts
     D:3: 613 daAuts
     D:7: 600 daAuts
     D:9: 564 daAuts
     D:2: 558 daAuts
   Sewer: 502 daAuts
    D:10: 306 daAuts
